 Dungeon Crawl Stone Soup version 0.30-a0-715-gdb4ae3ece1 (webtiles) character file.

Game seed: 2713051252832072578

30774 Zenkrye the Fighter (level 13, -4/108 HPs)
             Began as a Human Cinder Acolyte on Jan 23, 2023.
             Was a High Priest of Ignis.
             Shot with an arrow by Nessos (21 damage)
             ... on level 2 of the Orcish Mines.
             The game lasted 01:24:42 (23114 turns).

Zenkrye the Fighter (Human Cinder Acolyte)         Turns: 23114, Time: 01:24:42

Health: -4/108     AC:  8    Str: 15    XL:     13   Next: 91%
Magic:  29/29      EV: 15    Int: 19    God:    Ignis [*****.]
Gold:   1618       SH: 10    Dex:  9    Spells: 6/22 levels left

rFire   + . .      SeeInvis .    k - +1 sling (flame)
rCold   . . .      Faith    .    p - +0 buckler
rNeg    . . .      Spirit   .    i - +2 robe {Archmagi}
rPois   .          Reflect  +    H - +0 helmet
rElec   .          Harm     .    (no cloak)
rCorr   .          Rampage  .    h - +1 pair of gloves
Will    .....      Archmagi +    I - +0 pair of boots
Stlth   +                        V - amulet of reflection
HPRegen 0.38/turn                w - ring of wizardry
MPRegen 0.21/turn                x - ring of magical power

@: lethally poisoned (-4 -> -34), studying Axes
A: no striking features
a: Renounce Religion, Fiery Armour, Foxfire Swarm, Rising Flame


You were on level 2 of the Orcish Mines.
You worshipped Ignis.
Ignis was extremely pleased with you.
You visited 3 branches of the dungeon, and saw 19 of its levels.
You also visited: Ossuary.

You collected 1618 gold pieces.

Inventory:

Hand Weapons
 k - a +1 sling of flaming (weapon)
 L - a +2 dagger of speed
 R - a +0 war axe
Missiles
 e - 2 curare-tipped darts
 q - 3 atropa-tipped darts
 S - a throwing net {!f}
Armour
 a - +0 acid dragon scales
 h - a +1 pair of gloves (worn)
 i - a +2 robe of the Archmagi (worn)
 l - a +2 ring mail of willpower
 p - a +0 buckler (worn)
 H - a +0 helmet (worn)
 I - a +0 pair of boots (worn)
 Q - a +0 kite shield
Jewellery
 c - a ring of ice
 f - a ring of fire
 n - a ring of positive energy
 t - a +6 ring of intelligence
 w - a ring of wizardry (left hand)
 x - a ring of magical power (right hand)
 G - a ring of willpower
 P - a ring of fire
 V - an amulet of reflection (around neck)
 X - a ring of magical power
Wands
 J - a wand of flame (11)
 M - a wand of charming (14)
 N - a wand of acid (1) {@v2}
 W - a wand of digging (8) {@v1}
Scrolls
 g - 2 scrolls of brand weapon
 j - 5 scrolls of teleportation {@r3}
 u - 5 scrolls of enchant weapon
 A - 5 scrolls of immolation
 C - 2 scrolls of magic mapping
 K - 3 scrolls of amnesia
 T - 2 scrolls of enchant armour
 Z - a scroll of fear
Potions
 b - 3 potions of lignification
 d - 2 potions of heal wounds {@q2}
 m - 8 potions of ambrosia
 o - a potion of brilliance
 r - 8 potions of flight
 v - 2 potions of haste {@q3}
 y - a potion of magic
 z - 4 potions of mutation
 B - 5 potions of curing {@q1}
 D - 2 potions of might {@q4}
 F - 2 potions of cancellation
 U - 2 potions of invisibility
 Y - 3 potions of resistance {@q6}


   Skills:
 - Level 12.0 Fighting
 - Level 3.0 Short Blades
 - Level 12.0 Dodging
 - Level 6.0 Shields
 - Level 5.0 Spellcasting
 - Level 7.5 Transmutations
 - Level 8.0 Fire Magic
 * Level 7.9 Earth Magic
 - Level 3.0 Evocations


You had 6 spell levels left.
You knew the following spells:

 Your Spells              Type           Power      Damage    Failure   Level
a - Scorch                Fire           100%       2d10      1%          2
b - Statue Form           Tmut/Erth      33%        N/A       38%         6
c - Frozen Ramparts       Ice            14%        1d3       19%         3
d - Lee's Rapid Deconstr  Erth           25%        3d14*     7%          5

Your spell library contained the following spells:

 Spells                   Type           Power      Damage    Failure   Level
 Freeze                   Ice            28%        1d5       6%          1
 Slow                     Hex            28%        N/A       6%          1
 Blade Hands              Tmut           25%        N/A       9%          5
 Leda's Liquefaction      Hex/Erth       14%        N/A       12%         4
 Ice Form                 Ice/Tmut       28%        N/A       13%         4
 Confusing Touch          Hex            7%         N/A       19%         3
 Hailstorm                Conj/Ice       7%         3d4       19%         3
 Tukima's Dance           Hex            7%         N/A       19%         3
 Vampiric Draining        Necr           7%         2d6       19%         3
 Borgnjor's Vile Clutch   Necr/Erth      14%        N/A       32%         5
 Irradiate                Conj/Tmut      14%        3d16      34%         5
 Yara's Violent Unravell  Hex/Tmut       14%        3d7       34%         5
 Animate Dead             Necr           7%         N/A       50%         4
 Passage of Golubria      Tloc           7%         N/A       50%         4
 Death Channel            Necr           3%         N/A       100%        6
 Simulacrum               Ice/Necr       3%         N/A       100%        6
 Dragon Form              Tmut           25%        N/A       91%         7


Dungeon Overview and Level Annotations

Branches:
Dungeon (12/15)            Temple (0/1) D:6            Lair (5/5) D:11
 Shoals (0/4) Lair:2       Spider (0/4) Lair:2        Slime (0/5) Lair:4
    Orc (2/2) D:12            Elf (0/3) Orc:2       Ossuary (visited)

Altars:
Dithmenos
Hepliaklqana
Kikubaaqudgha
Makhleb
Nemelex Xobeh
Okawaru
Qazlal
Ru
Trog
Wu Jian
Xom
Jiyva

Shops:
D:12 [   Orc:2 !

Portals:
Trove: D:12 (give 6 potions of haste)

Annotations:
D:2 1 runed translucent door, Crazy Yiuf
D:5 Duvessa
Lair:4 3 runed translucent doors, wormed's ghost, journeyman DEFE
Orc:2 Azrael; Nessos


Message History

You feel very sick.
You feel sick.
Nessos shoots an arrow.
You reflect the arrow off an invisible shield around you!
The arrow closely misses Nessos.
You feel sick.
You feel sick.
Nessos shoots an arrow.
The arrow hits you!!
Nessos shoots an arrow.
The arrow barely misses you.
You feel sick.
Nessos gestures wildly while chanting.
Nessos seems to speed up.
The orc wizard gestures at you while chanting.
You easily resist.
As you read the scroll of fog, it crumbles to dust.
The scroll dissolves into smoke.
You feel sick.
Nessos intently looks at you, slowly moving their tail.
Nessos shoots an arrow.
The arrow completely misses you.
The orc wizard points at you and mumbles some strange words.
You easily resist.
You feel sick.
You feel sick.
You are no longer poisoned.
Nessos shoots an arrow.
The arrow hits you! The arrow burns you.
You are poisoned.
You feel very sick.
Nessos mumbles some strange words.
Nessos blinks!
Nessos shoots an arrow.
You reflect the arrow off an invisible shield around you!
The arrow hits Nessos!!
The arrow burns Nessos!
Nessos shoots an arrow.
The arrow hits you!
* * * LOW HITPOINT WARNING * * *
The arrow burns you.
You are more poisoned.
* * * LOW HITPOINT WARNING * * *
You feel much better.
* * * LOW HITPOINT WARNING * * *
You feel extremely sick.
* * * LOW HITPOINT WARNING * * *
You feel extremely sick.
Nessos shoots an arrow.
The arrow hits you!!
You die...

o...................#
...................##
.#.#..o..............#
..∩..........>......#
#.#........c§§.....#
............§.§....#
.....#....§§§§§...#
.........#§§§§§...##
.....##.#.§§§§.§@<.#
..... #..#.§§§§.....#
...........§§......##
....##.......#..###
####.#..#### ###...
##.##


You could see Nessos (fast).

Vanquished Creatures
  Josephine (Orc:1)
  A hydra (Lair:1)
  A two-headed ogre (D:11)
  Erica (Orc:1)
  An orc high priest (Orc:1)
  4 skeletal warriors
  Pikel (D:5)
  An ugly thing (D:12)
  3 orc sorcerers
  3 cyclopes
  A manticore (D:12)
  A torpor snail (Lair:1)
  7 cane toads
  A gargoyle (D:11)
  3 rime drakes
  2 komodo dragons
  A queen bee (Lair:2)
  A polar bear (Lair:4)
  5 trolls
  4 blink frogs
  3 slime creatures (Lair:4)
  2 shadows (D:11)
  A culicivora (Lair:2)
  6 wraiths
  4 wyverns
  2 steam dragons
  25 yaks
  A fire elemental (Orc:2)
  Menkaure (D:5)
  2 redbacks (Lair:2)
  An acid dragon (D:11)
  10 water moccasins
  A sky beast (D:7)
  5 black bears
  11 orc warriors
  4 ogres
  11 wolves (Lair:2)
  3 centaurs
  A lemure (D:5)
  A phantom (D:6)
  6 kobold brigands
  A necrophage (D:4)
  11 bullfrogs
  A gnoll sergeant (D:10)
  4 scorpions
  4 wights
  Dowan (D:5)
  2 troll zombies (D:12)
  24 killer bees
  2 electric eels
  13 howler monkeys
  A gnoll bouda (D:6)
  14 orc priests
  4 hounds
  3 jellies
  4 iguanas
  5 orc wizards
  6 hell rats (Lair:3)
  6 ogre zombies (D:12)
  3 mummies (Ossuary)
  15 gnolls
  8 adders
  A shadow imp (D:8)
  A white imp (D:6)
  5 worms
  2 dart slugs (D:3)
  56 orcs
  4 endoplasms
  3 giant cockroaches
  7 goblins
  7 hobgoblins
  A quokka (D:2)
  7 ball pythons
  A bat (D:3)
  A frilled lizard (D:3)
  A goblin skeleton (D:12)
  4 goblin zombies (D:12)
  2 hobgoblin skeletons (D:12)
  2 hobgoblin zombies (D:12)
  48 kobolds
  3 orc skeletons (D:12)
  13 orc zombies (D:12)
  8 rats
453 creatures vanquished.

Vanquished Creatures (others)
  26 fungi
  93 plants
119 creatures vanquished.

Grand Total: 572 creatures vanquished

Notes
Turn   | Place    | Note
-------+----------+-------------------------------------------
     0 | D:1      | Zenkrye the Human Cinder Acolyte began the quest for the
                  | Orb.
     0 | D:1      | Reached XP level 1. HP: 18/18 MP: 2/2
   179 | D:1      | Reached XP level 2. HP: 16/24 MP: 4/4
   193 | D:1      | Learned a level 2 spell: Scorch
   614 | D:1      | Found a faded altar of an unknown god.
   870 | D:2      | Reached XP level 3. HP: 25/29 MP: 0/6
  1323 | D:2      | Found a runed translucent door.
  1324 | D:2      | Noticed Crazy Yiuf
  1428 | D:2      | Reached XP level 4. HP: 35/35 MP: 7/7
  1651 | D:3      | You fall into a shaft and drop 1 floor!
  1932 | D:3      | Found a shimmering altar of Xom.
  2010 | D:3      | Identified the +5 mace of the Omega Point {antimagic, rElec
                  | Will- SInv}
  2048 | D:3      | Reached XP level 5. HP: 37/41 MP: 8/9
  2724 | D:3      | Found an ancient bone altar of Kikubaaqudgha.
  2733 | D:3      | Found an iron altar of Okawaru.
  2776 | D:4      | Noticed a black bear
  2851 | D:4      | Noticed an ogre
  2996 | D:4      | Killed a black bear
  2997 | D:4      | Reached skill level 1 in Dodging
  2997 | D:4      | Reached skill level 5 in Fire Magic
  2997 | D:4      | Reached XP level 6. HP: 42/47 MP: 10/10
  3130 | D:4      | Reached XP level 7. HP: 53/53 MP: 6/11
  3352 | D:5      | Entered Level 5 of the Dungeon
  3538 | D:5      | Noticed a water moccasin
  3541 | D:5      | Killed a water moccasin
  3759 | D:5      | Noticed Duvessa
  3759 | D:5      | Noticed Dowan
  3772 | D:6      | Noticed a steam dragon
  3783 | D:6      | Killed a steam dragon
  3784 | D:6      | Reached XP level 8. HP: 49/61 MP: 4/12
  3900 | D:6      | Found a sand-covered staircase.
  3909 | Ossuary  | Entered an ossuary
  4137 | D:6      | Found a stormy altar of Qazlal.
  4141 | D:6      | Noticed a fire elemental
  4141 | D:6      | Noticed an air elemental
  4141 | D:6      | Noticed a water elemental
  4286 | D:5      | Reached skill level 5 in Fighting
  4366 | D:5      | Noticed Pikel
  4596 | D:5      | Noticed Menkaure
  4604 | D:5      | Killed Menkaure
  4605 | D:5      | Reached XP level 9. HP: 43/69 MP: 8/13
  4606 | D:5      | Reached skill level 5 in Dodging
  5217 | D:6      | Found a staircase to the Ecumenical Temple.
  5480 | D:5      | Killed Pikel
  5592 | D:5      | Found a bloodstained altar of Trog.
  5777 | D:5      | Found an ornate altar of the Wu Jian Council.
  5963 | D:5      | Killed Dowan
  6316 | D:4      | Found a shadowy altar of Dithmenos.
  6497 | D:5      | Identified the +1 short sword of the Orcish Mines
                  | {antimagic, Fragile rElec rC- Dex+8}
  6627 | D:6      | Reached XP level 10. HP: 67/80 MP: 10/14
  7337 | D:7      | Reached skill level 1 in Evocations
  7507 | D:7      | Found a sparkling altar of Nemelex Xobeh.
  7789 | D:7      | Found a sacrificial altar of Ru.
  9454 | D:9      | Found a hazy altar of Hepliaklqana.
 10050 | D:9      | Reached XP level 11. HP: 89/89 MP: 17/17
 10217 | D:10     | Entered Level 10 of the Dungeon
 10851 | D:10     | Reached skill level 5 in Spellcasting
 11048 | D:10     | Reached skill level 1 in Shields
 11583 | D:11     | Reached skill level 10 in Fighting
 12031 | D:11     | Noticed a cyclops
 12038 | D:11     | Killed a cyclops
 12479 | D:11     | Learned a level 6 spell: Statue Form
 12520 | D:11     | Reached skill level 10 in Dodging
 12529 | D:11     | Reached skill level 1 in Transmutations
 12529 | D:11     | Reached skill level 1 in Earth Magic
 12660 | D:11     | Found a staircase to the Lair.
 13082 | Lair:1   | Entered Level 1 of the Lair of Beasts
 13268 | Lair:1   | Noticed a seven-headed hydra
 13288 | Lair:1   | Killed a seven-headed hydra
 13289 | Lair:1   | Reached XP level 12. HP: 42/99 MP: 17/19
 14517 | Lair:2   | Noticed a seven-headed hydra
 14610 | Lair:1   | Reached skill level 5 in Shields
 15415 | Lair:2   | Found a staircase to the Shoals.
 15649 | Lair:2   | Learned a level 3 spell: Frozen Ramparts
 16167 | Lair:2   | Found a hole to the Spider Nest.
 17740 | Lair:3   | Reached XP level 13. HP: 80/106 MP: 4/20
 18142 | Lair:4   | Reached skill level 5 in Earth Magic
 18168 | Lair:4   | Found a runed translucent gate.
 18168 | Lair:4   | Found a runed translucent gate.
 18168 | Lair:4   | Found a runed translucent gate.
 18169 | Lair:4   | Noticed an acid blob
 18184 | Lair:4   | Noticed an azure jelly
 18185 | Lair:4   | Noticed an acid blob
 18185 | Lair:4   | Noticed an acid blob
 18186 | Lair:4   | Noticed an acid blob
 18186 | Lair:4   | Noticed wormed's ghost (journeyman DEFE)
 18186 | Lair:4   | Noticed a quicksilver ooze
 18187 | Lair:4   | Noticed an azure jelly
 18187 | Lair:4   | Noticed an acid blob
 18187 | Lair:4   | Noticed an azure jelly
 18350 | Lair:4   | Identified the +1 scimitar "Tassywk" {spect, rC+}
 18389 | Lair:4   | Reached skill level 5 in Transmutations
 18512 | Lair:5   | Entered Level 5 of the Lair of Beasts
 18660 | Lair:5   | Noticed an eight-headed hydra
 18854 | Lair:4   | Found a viscous altar of Jiyva.
 18854 | Lair:4   | Found a staircase to the Slime Pits.
 19365 | D:12     | Found a portal to a secret trove of treasure.
 19742 | D:12     | Found Lasyrho's Antique Armour Boutique.
 20733 | D:12     | Found a staircase to the Orcish Mines.
 21327 | Orc:1    | Entered Level 1 of the Orcish Mines
 21329 | Orc:1    | Noticed Erica
 21332 | Orc:1    | Noticed Josephine
 21335 | Orc:1    | Killed Erica
 21341 | Orc:1    | Killed Josephine
 21651 | Orc:1    | Paralysed by an orc sorcerer for 4 turns
 21936 | D:12     | Learned a level 5 spell: Lee's Rapid Deconstruction
 22925 | Orc:2    | Entered Level 2 of the Orcish Mines
 22956 | Orc:2    | Noticed Azrael
 23092 | Orc:2    | Found a burning altar of Makhleb.
 23092 | Orc:2    | Found a staircase to the Elven Halls.
 23101 | Orc:2    | Found Ochaoq's Distillery.
 23103 | Orc:2    | Noticed Nessos
 23114 | Orc:2    | Shot with an arrow by Nessos

Illustrated notes

Levels and vault maps discovered:
D:1:      lightli_arrival_boilingwater, layout_rooms,
          ebering_ecumenical_altar_sacrificial
D:2:      layout_rooms, uniq_crazy_yiuf_cottage
D:3:      layout_basic, xom_teletrap_fun, amethyst_overflow_temple_binary,
          minmay_misc_feat_five
D:4:      kennysheep_kobold_camp, layout_loops_ring,
          nicolae_dithmenos_through_a_glass_darkly
D:5:      layout_basic, mainiacjoe_overflow_brackets,
          nicolae_wu_jian_glorious_leap, uniq_menkaure, uniq_duvessa, uniq_pikel
D:6:      minmay_inner_zag, layout_cave_pools, nicolae_qazlal_style_of_elements,
          minmay_temple_entry_grid, nicolae_ossuary_entry_monument,
          kennysheep_generic_room_16
D:7:      layout_cave_pools, nemelex_diamond_rough_becter,
          nicolae_ru_path_of_blood
D:8:      layout_cave_pools, abandoned_shop
D:9:      layout_roguey, mainiacjoe_overflow_24_doors
D:10:     layout_basic
D:11:     layout_loops_corners, grunt_lair_entry_orc_guard_hut
D:12:     layout_cave_pools, zombieorc2_lemuel, nicolae_trove_entry_columns,
          serial_shops, nicolae_shop_crystal
Lair:1:   layout_hall_layers
Lair:2:   layout_cave_pods, elwin_shoals_entry_rooms,
          spider_nest_entry_funnel_web, special_room [special_room_bee]
Lair:3:   layout_roguey
Lair:4:   layout_loops_ring, minmay_slime_entry_pillars, gammafunk_ghost_ooze,
          serial_bayou_shore_b
Lair:5:   minmay_lair_end_frog_pond, layout_regular_city, dpeg_oklob_1
Orc:1:    layout_caves, minmay_orc_temple_b, uniq_erica, uniq_josephine
Orc:2:    st_orc_rangers, layout_caves, basic_altar, serial_shops,
          nicolae_shop_crystal, uniq_nessos, uniq_azrael

Skill      XL: |  1  2  3  4  5  6  7  8  9 10 11 12 13 |
---------------+----------------------------------------+-----
Spellcasting   | 2 3 4 5 |  5.0
Fire Magic     | 4 5 6 7 8 |  8.0
Dodging        | 1 2 3 4 7 8 10 11 12 | 12.0
Fighting       | 4 5 8 9 10 11 12 | 12.0
Evocations     | 3 |  3.0
Shields        | 4 5 6 |  6.0
Transmutations | 2 4 7 |  7.5
Earth Magic    | 2 4 7 |  7.9
Short Blades   | |  3.0

Action                     |  1- 3 |  4- 6 |  7- 9 | 10-12 | 13-15 || total
---------------------------+-------+-------+-------+-------+-------++-------
  Melee: Short sword       |    58 |       |       |       |       ||    58
   Fire: Sling             |    15 |    60 |    75 |    98 |   124 ||   372
         Arbalest          |       |       |       |    56 |       ||    56
  Throw: Stone             |     4 |       |       |       |       ||     4
         Boomerang         |    16 |       |       |       |       ||    16
   Cast: Scorch            |    25 |    47 |   141 |   457 |   203 ||   873
         Frozen Ramparts   |       |       |       |     6 |       ||     6
         Lee's Rapid Decon |       |       |       |       |    19 ||    19
  Evoke: Wand              |       |       |     5 |     6 |     5 ||    16
    Use: Scroll            |     3 |     8 |    13 |     7 |     7 ||    38
         Potion            |     1 |       |     1 |     4 |     7 ||    13
 Armour: Robe              |     9 |     1 |       |       |     9 ||    19
         Leather armour    |       |    10 |    23 |    29 |       ||    62
         Acid dragon scale |       |       |       |    49 |    15 ||    64
         Troll leather arm |       |       |       |     3 |       ||     3
  Dodge: Dodged            |    45 |    14 |    36 |   224 |    70 ||   389
  Block: Buckler           |       |       |       |    80 |    74 ||   154
         Reflection        |       |       |       |     1 |    15 ||    16

Table legend: (Time is in decaauts)
 A = Elapsed time spent in this place.
 B = Non-inter-level travel time spent in this place.
 C = Inter-level travel time spent in this place.
 D = Time resting spent in this place.
 E = Time spent auto-exploring this place.
 F = Levels seen in this place.
 G = Mean time per level.
                   A        B        C        D        E       F      G
               +--------+--------+--------+--------+--------+-----+--------+
         Total |  23360 |  22431 |    929 |   5191 |  13560 |  20 | 1168.0 |
       Dungeon |  15928 |  15244 |    684 |   3242 |   9651 |  12 | 1327.3 |
          Lair |   6024 |   5813 |    211 |   1817 |   3176 |   5 | 1204.8 |
  Orcish Mines |   1248 |   1215 |     33 |    132 |    732 |   2 |  624.0 |
       Ossuary |    158 |    158 |      0 |      0 |      0 |   1 |  158.0 |
               +--------+--------+--------+--------+--------+-----+--------+

Top non-repeatable levels by time:
    D:11: 2568 daAuts
  Lair:2: 2156 daAuts
    D:12: 1944 daAuts
     D:5: 1763 daAuts
     D:6: 1525 daAuts
  Lair:3: 1523 daAuts
    D:10: 1259 daAuts
  Lair:4: 1253 daAuts
   Orc:1: 1191 daAuts
     D:8: 1139 daAuts
     D:3: 1090 daAuts
     D:9: 1082 daAuts
  Lair:1: 1080 daAuts
     D:4: 1029 daAuts
     D:2: 918 daAuts
